Map: [ESL] Ancient Cistern

Players

Jieshi

  • Race: Protoss Protoss
  • Spawn Location: 1:00

Cyan - Winner!

  • Race: Protoss Protoss
  • Spawn Location: 7:00

Event: ESL SC2 Masters 2023 Summer (Regionals)

VOD

Have the link to the VOD?

Description

Time

  • Played on: May 19, 2023, 10:42 a.m.
  • Length: 6:21

All games in this series

Show
View Real Time Build Order
Export as new Build Order

Jieshi Protoss 

Build Orders:  

Get SALT Encoding   

  12  0:00  Probe  
  13  0:13  Probe  
  14  0:17  Pylon  
  14  0:25  Probe (Chrono Boost)  
  16  0:37  Probe (Chrono Boost), Gateway  
  16  0:43  Probe (Chrono Boost)  
  16  0:45  Assimilator  
  17  0:51  Probe  
  17  0:54  Assimilator  
  18  1:03  Probe (Chrono Boost)  
  19  1:06  Gateway  
  19  1:12  Probe (Chrono Boost)  
  19  1:18  Probe (Chrono Boost)  
  20  1:24  Cybernetics Core  
  21  1:29  Probe  
  22  1:33  Pylon  
  22  1:42  Probe  
  23  1:54  Probe  
  24  2:00  Warp Gate  
  24  2:01  Adept x2  
  28  2:11  Pylon  
  28  2:13  Robotics Facility  
  28  2:28  Pylon  
  28  2:31  Stalker  
  28  2:35  Stalker  
  32  2:49  Gateway  
  32  2:59  Immortal (Chrono Boost)  
  36  3:25  Pylon  
  36  3:26  Shield Battery  
  38  3:29  Warp Prism (Chrono Boost)  
  38  3:47  Pylon  
  38  3:48  Stalker, Sentry  
  40  3:52  Stalker  
  44  3:59  Observer  
  45  4:05  Pylon  
  45  4:21  Stalker x2  
  45  4:22  Stalker  
  51  4:47  Adept x3  
  57  4:58  Observer  
  49  5:10  Stalker x2  
  42  5:18  Observer  
  29  5:38  Sentry  
Show
View Real Time Build Order
Export as new Build Order

Cyan Protoss - Winner!

Build Orders: Oracle Opening 

Get SALT Encoding   

  12  0:00  Probe  
  13  0:12  Probe  
  14  0:17  Pylon  
  14  0:24  Probe (Chrono Boost)  
  15  0:36  Probe (Chrono Boost)  
  15  0:38  Gateway  
  16  0:45  Probe (Chrono Boost)  
  16  0:47  Assimilator  
  17  0:51  Probe  
  17  0:54  Assimilator  
  18  1:03  Probe (Chrono Boost)  
  19  1:08  Gateway  
  19  1:13  Probe (Chrono Boost)  
  19  1:18  Probe (Chrono Boost)  
  20  1:25  Cybernetics Core  
  21  1:29  Probe  
  22  1:34  Pylon  
  22  1:41  Probe  
  23  1:53  Probe  
  24  1:59  Warp Gate (Chrono Boost)  
  24  2:02  Adept x2  
  24  2:05  Probe  
  29  2:10  Pylon  
  29  2:18  Probe  
  29  2:19  Pylon  
  30  2:32  Stalker  
  30  2:35  Stargate  
  32  2:39  Stalker  
  34  3:00  Pylon  
  34  3:01  Shield Battery  
  34  3:16  Oracle (Chrono Boost)  
  37  3:23  Nexus  
  37  3:27  Pylon  
  37  3:35  Shield Battery  
  36  3:42  Probe  
  36  3:43  Stalker  
  36  3:46  Oracle  
  42  3:54  Probe  
  43  4:02  Robotics Facility  
  43  4:09  Shield Battery  
  43  4:19  Stalker, Shield Battery  
  43  4:20  Pylon  
  45  4:27  Adept  
  47  4:48  Shield Battery  
  47  4:49  Immortal  
  51  4:54  Shield Battery  
  51  5:03  Adept  
  51  5:04  Sentry  
  55  5:13  Pylon  
  55  5:15  Pylon  
  55  5:23  Pylon  
  55  5:32  Stalker  
  52  5:39  Stalker  
Tags
 
Add a new tag
Caveats
  • Supply blocks, unpowered buildings, or Contaminate may cause inaccurate times.
  • Supply counts are checked every 10 seconds.